 Dungeon Crawl Stone Soup version 0.31-a0-365-gcf821cafb2 (webtiles) character file.

Game seed: 3599289043461541390

232 lunkers the Insei (level 6, -4/70 HPs)
             Began as a Meteoran Shapeshifter on July 27, 2023.
             Was an Initiate of Makhleb.
             Slain by Pikel
             ... wielding a +1 whip of electrocution
              (14 damage)
             ... on level 4 of the Dungeon.
             The game lasted 00:04:34 (1565 turns).

lunkers the Insei (Meteoran Shapeshifter)           Turns: 1565, Time: 00:04:35

Health: -4/70      AC: 23    Str: 17    XL:     6   Next: 50%
Magic:  7/7        EV:  2    Int:  9    God:    Makhleb [......]
Gold:   114        SH:  0    Dex: 17    Spells: 5/5 levels left

rFire   . .          .
                       - Unarmed
rCold   . . .        (no shield)
rNeg    . . .        g - melded +1 leather armour {Will+}
rPois   +            (helmet currently unavailable)
rElec   .            (cloak currently unavailable)
rCorr   .            (gloves currently unavailable)
SInv    .            (boots currently unavailable)
Will    .....        (no amulet)
Stlth   +            (no ring)
HPRegen 0.31/turn    (no ring)
MPRegen 0.10/turn

%: no passive effects
@: tree-form, glowing
A: stationary, stasis, torment immunity, boosted hp, sense surroundings 1,
otherworldly, glowing, explore regen
a: Renounce Religion


You were on level 4 of the Dungeon.
You worshipped Makhleb.
Makhleb was noncommittal.
You were a tree.
You visited 1 branch of the dungeon, and saw 4 of its levels.

You collected 114 gold pieces.

Inventory:

Hand Weapons
 j - a +0 quick blade
Armour
 a - a +0 animal skin
 g - a +1 leather armour of willpower (melded)
 i - a +0 pair of boots
Talismans
 c - a beast talisman
Scrolls
 f - a scroll of fog
 h - a scroll of amnesia
 l - 2 scrolls of teleportation
 o - a scroll of vulnerability {unknown}
Potions
 b - a potion of lignification
 d - a potion of haste {unknown}
 e - 2 potions of curing
 k - a potion of magic {unknown}
 m - a potion of resistance {unknown}
 n - a potion of brilliance {unknown}
 p - 2 potions of enlightenment


   Skills:
 - Level 1.1 Fighting
 - Level 2.4 Dodging
 * Level 7.9 Unarmed Combat
 - Level 3.6 Shapeshifting


You had 5 spell levels left.
You didn't know any spells.
Your spell library contained the following spells:

 Spells                   Type           Power      Damage    Failure   Level
 Blink                    Tloc           0%         N/A       52%         2
 Lesser Beckoning         Tloc           0%         N/A       52%         2
 Momentum Strike          Conj/Tloc      0%         3d8       52%         2
 Inner Flame              Hex/Fire       0%         N/A       77%         3
 Yara's Violent Unravell  Hex/Tmut       0%         3d3       100%        5
 Enfeeble                 Hex            0%         N/A       100%        7


Dungeon Overview and Level Annotations

Branches:
Dungeon (4/15) Zot: 855
 Temple: D:4-7

Altars:
Fedhas
Makhleb
Nemelex Xobeh

Shops:
D:1 [   D:4 (

Annotations:
D:3 3 runed translucent doors, spiderkeys's ghost, amateur OpWn
D:4 Pikel


Innate Abilities, Weirdness & Mutations

You are a tree.
Your roots penetrate the ground, keeping you stationary.
You cannot be teleported.
You are immune to unholy pain and torment.
Your maximum health is greatly increased.
Your equipment is partially melded.
You passively map a small area around you.
You are easily found by Zot.
You glow in the dark.
You regain HP and MP as you explore.


Message History

* * * LOW HITPOINT WARNING * * *
Unknown command.
Really walk into that teleport trap?
You enter a teleport trap!
The teleport trap disappears.
Your surroundings suddenly seem different.
You see here 4 stones.
There is a stone staircase leading down here.
Things that are here:
a +0 whip; a kobold skeleton You see here an adder skeleton.
The lemure shouts!
Pikel shouts!
The lemure shouts!
You punch the lemure!
The lemure is moderately wounded.
The lemure hits you!
* * * LOW HITPOINT WARNING * * *
You hit the lemure but do no damage.
The lemure is moderately wounded.
You closely miss Pikel. Your punch misses Pikel.
Pikel is lightly wounded.
You closely miss Pikel. You punch Pikel, but do no damage.
Pikel is lightly wounded.
Pikel hits you with a +1 whip of electrocution!
* * * LOW HITPOINT WARNING * * *
You are electrocuted!
* * * LOW HITPOINT WARNING * * *
Really quaff the potion of lignification?
Your transformation has ended.
You turn into a tree.
Your +1 leather armour of willpower melds into your body.
You feel less strong-willed.
Your roots penetrate the ground.
Pikel hits you but does no damage.
Unknown command.
You closely miss Pikel.
Pikel is lightly wounded.
You hit Pikel but do no damage.
Pikel is lightly wounded.
Pikel hits you but does no damage.
You are electrocuted!
You die...

...)..# #.# ##.## ♣♣....#
###.# #.# ..♣..## #...#
#.# ..♣..# #.### #.#
.♣...# #.# #.# .....#
#.### #.# .....# #.<.#
#.#
#########.#.#####.######
####........555K♣........
..........#.##########...
..........#)# *
####.######.# * * ####.#
##.## .....# ##...## #
######
#.#.#.#######.####* *,* #
#.#..............# #
#.###.####K5.....#


You could see Pikel and 3 lemures.

Vanquished Creatures
  A jelly (D:4)
  An iguana (D:4)
  An orc wizard (D:3)
  8 adders
  An ufetubus (D:4)
  A worm (D:4)
  2 dart slugs
  4 orcs
  3 ball pythons
  6 endoplasms
  3 giant cockroaches
  3 goblins
  9 hobgoblins
  3 jackals (D:1)
  4 kobolds
  8 bats
  5 frilled lizards
  3 rats
66 creatures vanquished.

Notes
Turn   | Place    | Note
-------+----------+-------------------------------------------
     0 | D:1      | lunkers the Meteoran Shapeshifter began the quest for the
                  | Orb.
     0 | D:1      | Reached XP level 1. HP: 16/16 MP: 2/2
    46 | D:1      | Reached skill level 4 in Unarmed Combat
    81 | D:1      | Reached XP level 2. HP: 22/23 MP: 3/3
   231 | D:1      | Reached XP level 3. HP: 28/28 MP: 4/4
   425 | D:1      | Reached skill level 5 in Unarmed Combat
   476 | D:1      | Found Tedeoz's Antique Armour Boutique.
   504 | D:1      | Glimpsed the power of Zot.
   650 | D:2      | Reached XP level 4. HP: 35/35 MP: 5/5
   822 | D:3      | Reached skill level 6 in Unarmed Combat
   822 | D:3      | Reached XP level 5. HP: 23/40 MP: 6/6
   849 | D:3      | Noticed spiderkeys's ghost (amateur OpWn)
  1007 | D:3      | Found a runed translucent gate.
  1007 | D:3      | Found a runed translucent gate.
  1007 | D:3      | Found a runed translucent gate.
  1024 | D:3      | Found a blossoming altar of Fedhas.
  1092 | D:3      | Found a sparkling altar of Nemelex Xobeh.
  1108 | D:3      | Found a burning altar of Makhleb.
  1114 | D:3      | Became a worshipper of Makhleb the Destroyer
  1153 | D:3      | Found a faded altar of an unknown god.
  1211 | D:4      | Reached skill level 7 in Unarmed Combat
  1211 | D:4      | Reached XP level 6. HP: 47/47 MP: 7/7
  1432 | D:4      | Found Moefyut's Weapon Emporium.
  1514 | D:4      | Noticed Pikel
  1565 | D:4      | Slain by Pikel

Illustrated notes

Levels and vault maps discovered:
D:1:      minmay_arrival_wavy_path, layout_loops_corners, serial_shops,
          nicolae_lakefront_shop, nicolae_the_louvre
D:2:      layout_rooms, kennysheep_generic_room_13, uniq_natasha
D:3:      layout_basic, mainiacjoe_overflow_small_starburst,
          chequers_temple_overflow_statue_of_worship, gammafunk_ghost_icy,
          chequers_ecumenical_altar_simple_redux, st_stairs_10,
          chequers_mini_garden, kennysheep_generic_room_14
D:4:      layout_loops_ring, serial_shops, kennysheep_little_box,
          chequers_garden, uniq_pikel

Skill      XL: |  1  2  3  4  5 |
---------------+----------------+-----
Unarmed Combat | 4 5 6 7 |  7.9
Fighting       | |  1.1
Dodging        | |  2.4
Shapeshifting  | |  3.6

Action                     |  1- 3 |  4- 6 || total
---------------------------+-------+-------++-------
  Melee: Unarmed           |    71 |   111 ||   182
         Punch             |       |     2 ||     2
    Use: Scroll            |       |     7 ||     7
         Potion            |       |     1 ||     1
 Armour: Animal skin       |    17 |       ||    17
         Leather armour    |     6 |    44 ||    50
         Skin              |       |     2 ||     2
  Dodge: Dodged            |    37 |    39 ||    76

Table legend: (Time is in decaauts)
 A = Elapsed time spent in this place.
 B = Non-inter-level travel time spent in this place.
 C = Inter-level travel time spent in this place.
 D = Time resting spent in this place.
 E = Time spent auto-exploring this place.
 F = Levels seen in this place.
 G = Mean time per level.
                   A        B        C        D        E       F      G
               +--------+--------+--------+--------+--------+-----+--------+
         Total |   1543 |   1497 |     46 |      0 |   1015 |   4 |  385.8 |
       Dungeon |   1543 |   1497 |     46 |      0 |   1015 |   4 |  385.8 |
               +--------+--------+--------+--------+--------+-----+--------+

Top non-repeatable levels by time:
     D:1: 526 daAuts
     D:4: 380 daAuts
     D:3: 375 daAuts
     D:2: 261 daAuts
